 Dungeon Crawl Stone Soup version 0.28.0-53-g5a82cb258f (webtiles) character file.

Game seed: 9122540444643615479

183 LynnLen the Sneak (level 5, -8/35 HPs)
             Began as a Vampire Enchanter on Aug 6, 2022.
             Succumbed to a kobold brigand's curare-tipped dart
             ... in a sewer.
             The game lasted 00:09:29 (3081 turns).

LynnLen the Sneak (Vampire Enchanter)               Turns: 3081, Time: 00:09:30

Health: -8/35      AC:  3    Str:  7    XL:     5   Next: 35%
Magic:  8/8        EV: 11    Int: 18    God:
Gold:   102        SH:  0    Dex: 16    Spells: 5/8 levels left

rFire   + . .      SeeInvis +   k - +4 dagger (speed)
rCold   + . .      Faith    .   (no shield)
rNeg    . . .      Spirit   .   e - +0 leather armour
rPois   .          Reflect  .   (no helmet)
rElec   .          Harm     .   f - scarf {rC+ rF+}
rCorr   .          Rampage  .   (no gloves)
Will    .....                   (no boots)
Stlth   +++.......              (no amulet)
HPRegen 0.31/turn               (no ring)
MPRegen 0.11/turn               (no ring)

@: lethally poisoned (-8 -> -37), healing quickly, slowed, very slow
A: alive, fangs 3, see invisible, vampiric 2
a: Exsanguinate


You were in a sewer.
You visited 1 branch of the dungeon, and saw 3 of its levels.
You also visited: Sewer.

You collected 174 gold pieces.
You spent 72 gold pieces at shops.

Inventory:

Hand Weapons
 a - a +1 dagger
 k - a +4 dagger of speed (weapon)
Missiles
 j - 97 stones (quivered)
 l - 16 sling bullets
Armour
 b - a +0 robe
 e - a +0 leather armour (worn)
 f - a scarf of resistance (worn)
Jewellery
 m - a ring of resist corrosion
Scrolls
 d - a scroll of amnesia {unknown}
 g - a scroll of torment {unknown}
 n - a scroll of summoning {unknown}
 p - a scroll of identify
Potions
 c - a potion of invisibility
 h - 3 potions of resistance
 i - a potion of magic
 o - a potion of brilliance {unknown}
 q - a potion of degeneration {unknown}
 r - a potion of haste {unknown}
 s - a potion of heal wounds {unknown}
 t - a potion of cancellation {unknown}


   Skills:
 * Level 4.8 Short Blades
 - Level 2.1 Dodging
 + Level 6.5 Stealth
 - Level 2.0 Spellcasting
 - Level 4.4 Hexes


You had 5 spell levels left.
You knew the following spells:

 Your Spells              Type           Power      Damage    Failure   Level
a - Confusing Touch       Hex            17%        N/A       14%         3

Your spell library contained the following spells:

 Spells                   Type           Power      Damage    Failure   Level
 Tukima's Dance           Hex            17%        N/A       14%         3
 Ensorcelled Hibernation  Hex/Ice        18%        N/A       17%         2
 Dazzling Flash           Conj/Hex       18%        N/A       32%         3


Dungeon Overview and Level Annotations

Branches:
Dungeon (3/15)              Sewer (1/1)

Altars:

Shops:
D:1 ?


Innate Abilities, Weirdness & Mutations

Your natural rate of healing is accelerated.
You have razor-sharp teeth.
You have supernaturally acute eyesight. (SInv)
You are afflicted with vampirism and can become a bat while bloodless.


Message History

The kobold is severely wounded.
You closely miss the kobold.
The kobold is severely wounded.
The kobold closely misses you.
You hit the kobold.
You kill the kobold!
j - 97 stones (gained 1)
You see here a +0 club.
You enter the shallow water.
Moving in this stuff is going to be slow.
You enter the shallow water.
Moving in this stuff is going to be slow.
You enter the shallow water.
Moving in this stuff is going to be slow.
A kobold brigand comes into view.
It is wielding a +0 short sword and quivering curare-tipped darts.
Found a scroll labelled PILUCO JUODA.
The kobold brigand shouts!
You hear a shout!
A kobold comes into view. It is wielding a +0 short sword.
The kobold brigand throws a curare-tipped dart.
The curare-tipped dart hits you.
You are poisoned.
You have difficulty breathing.
You feel yourself slow down.
A kobold comes into view. It is wielding a +0 short sword.
You feel very sick.
The kobold throws a stone.
The stone hits you but does no damage.
The kobold brigand throws a curare-tipped dart.
The curare-tipped dart hits you.
You are lethally poisoned!
You have difficulty breathing.
You feel as though you will be slow longer.
* * * LOW HITPOINT WARNING * * *
You feel extremely sick.
The kobold brigand throws a curare-tipped dart.
The curare-tipped dart hits you.
You are more poisoned.
You have difficulty breathing.
* * * LOW HITPOINT WARNING * * *
You feel as though you will be slow longer.
The kobold throws a stone.
The stone barely misses you.
You die...

∩†).#####)...≈####..≈†≈#
...## ##.≈.## ##.≈.##
#≈## ##≈## ##### #≈# #≈#
#≈# #≈# #≈## ##≈## .≈.##
##.≈.## ##
...≈#####...≈.#####K?≈#
....≈≈≈≈≈.≈.....@..K..#
.≈≈≈#####.)..≈#####K..#
...## ##...## ## ####
#####


You could see a kobold brigand and 2 kobolds.

Vanquished Creatures
  A wyvern skeleton (D:3)
  3 gnolls
  4 adders
  A river rat (Sewer)
  5 worms
  A dart slug (D:1)
  2 orcs (D:3)
  4 ball pythons
  6 endoplasms
  2 giant cockroaches
  7 kobolds
  2 quokkas
  2 bats
  A frilled lizard (D:1)
  4 goblins
  5 rats
50 creatures vanquished.

Notes
Turn   | Place    | Note
-------+----------+-------------------------------------------
     0 | D:1      | LynnLen the Vampire Enchanter began the quest for the Orb.
     0 | D:1      | Reached XP level 1. HP: 13/13 MP: 3/3
   267 | D:1      | Found Qatoj Tyfab's Magic Scroll Emporium.
   502 | D:1      | Reached XP level 2. HP: 19/19 MP: 5/5
   833 | D:1      | Bought a scroll of identify for 24 gold pieces
   846 | D:2      | Found a faded altar of an unknown god.
   919 | D:2      | Reached skill level 5 in Stealth
   941 | D:2      | Gained mutation: You are afflicted with vampirism and can
                  | become a bat while bloodless. [Vampire growth]
   941 | D:2      | Reached XP level 3. HP: 24/24 MP: 6/6
  1032 | D:1      | Learned a level 3 spell: Confusing Touch
  1085 | D:1      | Bought a scroll of identify for 24 gold pieces
  1182 | D:1      | Bought a scroll of identify for 24 gold pieces
  2127 | D:3      | Reached XP level 4. HP: 27/30 MP: 7/7
  2218 | D:3      | Reached skill level 6 in Stealth
  2437 | D:3      | Found a glowing drain.
  2456 | Sewer    | Entered a sewer
  2491 | Sewer    | Reached XP level 5. HP: 15/35 MP: 8/8
  3081 | Sewer    | Succumbed to a kobold brigand's curare-tipped dart

Illustrated notes

Levels and vault maps discovered:
D:1:      psy_arrival_basics, layout_basic, serial_shops, shop
D:2:      layout_basic, basic_ecumenical_altar
D:3:      layout_loops_ring, serial_shops, shop, cheibrodos_sewer_entry_bend
Sewer:    sewer_co_15_rooms

Skill      XL: |  1  2  3  4 |
---------------+-------------+-----
Short Blades   | 2 3 4 |  4.8
Stealth        | 5 6 |  6.5
Dodging        | |  2.1
Spellcasting   | |  2.0
Hexes          | |  4.4

Action                   |  1- 3 |  4- 6 || total
-------------------------+-------+-------++-------
Melee: Dagger            |    72 |   111 ||   183
       Bite              |    10 |     7 ||    17
       Punch             |     1 |       ||     1
 Cast: Confusing Touch   |     1 |     8 ||     9
  Use: Scroll            |     8 |       ||     8
       Potion            |       |     2 ||     2
 Stab: Sleeping          |     9 |     4 ||    13
       Confused          |       |     6 ||     6
Armor: Leather armour    |    14 |     9 ||    23
Dodge: Dodged            |    32 |    38 ||    70
